Map: Ultralove

Players

ManlyManMeat

  • Race: Zerg Zerg
  • League: Diamond
  • Spawn Location: 1:00

VOD

Have the link to the VOD?

Description

Time

  • Played on: June 25, 2025, 7:08 a.m.
  • Length: 21:14
Show
View Real Time Build Order
Export as new Build Order

ManlyManMeat Zerg 

Build Orders:  

Get SALT Encoding   

  12  0:00  Drone  
  13  0:21  Drone  
  13  0:26  Drone, Extractor  
  15  0:31  Overlord  
  15  0:58  Drone  
  16  1:11  Drone, Hatchery  
  16  1:17  Drone  
  17  1:33  Drone  
  18  1:45  Spawning Pool  
  18  1:48  Drone  
  18  2:00  Drone  
  18  2:08  Drone  
  20  2:25  Overlord  
  20  2:38  Drone  
  21  2:52  Queen x2  
  21  2:53  Zergling x4  
  27  3:07  Drone  
  28  3:21  Drone  
  29  3:43  Drone x4  
  29  3:45  Evolution Chamber  
  32  3:52  Roach Warren  
  31  4:02  Evolution Chamber  
  30  4:11  Drone x3  
  30  4:12  Drone  
  34  4:25  Extractor  
  34  4:27  Drone  
  34  4:28  Drone  
  35  4:49  Roach Warren, Queen  
  36  4:54  Overlord  
  36  4:55  Overlord  
  36  5:24  Drone x3  
  36  5:26  Drone  
  36  5:29  Roach x2  
  44  5:31  Zergling x10  
  44  5:35  Overlord  
  49  5:54  Extractor  
  49  5:55  Extractor  
  49  5:56  Drone x2, Extractor  
  48  6:09  Drone x4  
  52  6:12  Drone x3  
  52  6:19  Hatchery  
  54  6:29  Zerg Missile Weapons Level 1  
  54  6:33  Roach  
  56  6:42  Drone x3  
  56  6:45  Overlord  
  59  7:11  Overlord  
  59  7:13  Overlord  
  59  7:15  Overlord  
  59  7:17  Drone x3  
  59  7:18  Drone x2  
  64  7:20  Zerg Ground Armor Level 1  
  64  7:41  Baneling Nest  
  64  7:42  Drone  
  64  7:58  Roach x8  
  80  8:28  Drone x4  
  80  8:29  Drone x3  
  87  8:38  Roach x4  
  95  8:40  Lair  
  95  9:03  Hatchery  
  94  9:14  Queen  
  94  9:15  Overlord  
  94  9:17  Overlord  
  94  9:18  Overlord  
  94  9:19  Overlord  
  96  9:35  Drone  
  96  9:36  Drone  
  98  9:46  Queen  
  98  9:48  Roach  
  98  9:49  Roach x11  
  124  10:33  Roach x3  
  124  10:38  Overlord x2  
  124  10:39  Overlord x4  
  129  11:02  Hydralisk Den  
  129  11:05  Zerg Ground Armor Level 2, Zerg Missile Weapons Level 2  
  129  11:08  Glial Reconstitution  
  128  11:12  Drone x3  
  128  11:13  Drone x2  
  128  11:14  Drone  
  134  11:30  Unknown  
  141  11:40  Zergling x4  
  141  11:41  Roach x9  
  161  11:55  Drone x2  
  161  11:56  Drone x4  
  167  12:00  Hydralisk x2  
  167  12:06  Extractor  
  167  12:09  Extractor  
  169  12:16  Drone x2  
  169  12:18  Drone x3  
  174  12:23  Extractor  
  174  12:27  Drone x3  
  174  12:28  Extractor, Infestation Pit  
  174  12:29  Drone x2  
  176  12:30  Drone  
  177  13:15  Overlord  
  177  13:17  Overlord  
  177  13:18  Overlord  
  177  13:20  Overlord  
  177  13:21  Overlord  
  177  13:22  Overlord  
  177  13:23  Overlord x3  
  177  13:24  Overlord x3  
  177  13:29  Unknown  
  177  14:12  Hydralisk x11  
  199  14:27  Overlord x2  
  195  14:47  Hydralisk x8  
  195  14:48  Hydralisk x2  
  198  14:58  Overseer  
  184  15:38  Hive  
  184  16:24  Hatchery  
  183  16:32  Lurker Den  
  183  16:37  Unknown  
  182  16:53  Overseer  
  182  17:06  Zerg Missile Weapons Level 3, Zerg Ground Armor Level 3  
  182  17:38  Roach x9  
  157  19:12  Hydralisk  
  157  19:13  Hydralisk x3, Roach  
  157  19:14  Hydralisk x3, Roach x4  
  157  19:15  Hydralisk x3, Roach x3  
  157  19:16  Hydralisk x2, Roach  
Tags
 
League
Diamond
Matchup
Co-op
Replay Pack
Myownreplay2
Add a new tag
Caveats
  • Supply blocks, unpowered buildings, or Contaminate may cause inaccurate times.
  • Supply counts are checked every 10 seconds.